 Dungeon Crawl Stone Soup version 0.21-a0-104-g7b58145 (webtiles) character file.

723996 MackTheKnife the Intangible (level 27, -1/249 HPs)
             Began as a Merfolk Wanderer on July 6, 2017.
             Was the Champion of Okawaru.
             Slain by an electric golem (8 damage)
             ... on level 5 of the Realm of Zot.
             The game lasted 02:48:29 (68657 turns).

MackTheKnife the Intangible (Merfolk Wanderer)     Turns: 68657, Time: 02:48:30

Health: -1/249     AC: 25    Str: 18      XL:     27
Magic:  0/46       EV: 36    Int: 21      God:    Okawaru [******]
Gold:   2137       SH:  0    Dex: 24 (25) Spells: 7/56 levels left

rFire    + + +     SeeInvis .   a - +9 bardiche (freeze)
rCold    + + .     Gourm    .   (shield currently unavailable)
rNeg     + . .     Faith    .   h - +2 faerie dragon scales {+Inv rPois MR- rCorr}
rPois    +         Spirit   +   B - +0 helmet "Xame" {*Drain rF++ MR++}
rElec    +         Reflect  .   r - +2 cloak
rCorr    +         Harm     .   S - +2 pair of gloves "Xeycrate" {rPois Int+2}
MR       +++++     Clarity  +   P - +2 pair of boots of Oblivion {rF+ Int+4}
Stlth    +++++.....             U - amulet "Wurr" {Spirit rC++}
HPRegen  0.51/turn              u - ring of Jyrph {rCorr rElec rF+ MR+++ Dex+2}
MPRegen  0.30/turn              N - ring "Plog" {Wiz +Inv rN+ Dex+6}

@: heroism, finesse, slowed, studying Charms, very slow
A: change form in water, swift swim, stealthy swim, clarity, deterioration 1,
high mp 1, mutation resistance 1
}: 4/15 runes: decaying, slimy, silver, gossamer
a: Heroism, Finesse, Renounce Religion, Evoke Invisibility


You were on level 5 of the Realm of Zot.
You worshipped Okawaru.
Okawaru was exalted by your worship.
You were very hungry.

You visited 12 branches of the dungeon, and saw 56 of its levels.
You visited 1 ziggurat, and saw 12 of its levels.
You also visited: Ossuary, Ice Cave and Wizlab.

You collected 7186 gold pieces.
You spent 5049 gold pieces at shops.

Inventory:

Hand Weapons
 a - a +9 bardiche of freezing (weapon)
   (You took it off an orc knight on level 13 of the Dungeon)
 d - the +6 Majin-Bo {vamp, Archmagi MP+6 Int+6}
   (You found it in a wizard's laboratory)

   It inflicts no extra harm, but heals its wielder when it wounds a living foe.
   It affects your intelligence (+6).
   It affects your magic capacity (+6).
Armour
 h - the +2 faerie dragon scales (worn) {+Inv rPois MR- rCorr}
   (You took it off the Enchantress on level 3 of the Depths)

   It protects you from poison.
   It affects your resistance to hostile enchantments.
   It lets you turn invisible.
   It protects you from acid and corrosion.
 r - a +2 cloak (worn)
   (You found it on level 3 of the Dungeon)
 B - the +0 helmet "Xame" (worn) {*Drain rF++ MR++}
   (You found it on level 9 of the Dungeon)

   It greatly protects you from fire.
   It affects your resistance to hostile enchantments.
   It causes draining when unequipped.
 P - the +2 pair of boots of Oblivion (worn) {rF+ Int+4}
   (Okawaru gifted it to you on level 12 of the Dungeon)

   It affects your intelligence (+4).
   It protects you from fire.
 S - the +2 pair of gloves "Xeycrate" (worn) {rPois Int+2}
   (You found it on level 1 of the Vaults)

   It affects your intelligence (+2).
   It protects you from poison.
Jewellery
 u - the ring of Jyrph (left hand) {rCorr rElec rF+ MR+++ Dex+2}
   (You took it off a deep elf mage on level 2 of the Elven Halls)

   [ring of resist corrosion]

   It affects your dexterity (+2).
   It protects you from fire.
   It insulates you from electricity.
   It affects your resistance to hostile enchantments.
 F - the ring of Benuenyu {AC+4 SInv}
   (You found it on level 5 of the Pits of Slime)

   [ring of protection]

   It affects your AC (+4).
   It lets you see invisible.
 N - the ring "Plog" (right hand) {Wiz +Inv rN+ Dex+6}
   (You bought it in a shop on level 2 of the Vaults)

   [ring of wizardry]

   It improves your spell success rate.
   It affects your dexterity (+6).
   It protects you from negative energy.
   It lets you turn invisible.
 O - the ring of the Mage {Wiz MR++ Int+3}
   (You found it on level 3 of the Realm of Zot)

   [ring of wizardry]

   It improves your spell success rate.
   It affects your intelligence (+3).
   It affects your resistance to hostile enchantments.
 U - the amulet "Wurr" (around neck) {Spirit rC++}
   (You found it on level 5 of the Pits of Slime)

   [amulet of guardian spirit]

   It causes incoming damage to be split between your health and magic.
   It greatly protects you from cold.
Wands
 k - a wand of digging (10/24)
   (You found it on level 4 of the Vaults)
 v - a wand of clouds (4/9)
   (You took it off a centaur on level 10 of the Dungeon)
Scrolls
 j - a scroll of summoning
 l - 14 scrolls of teleportation
 q - 2 scrolls of enchant weapon
 s - 9 scrolls of recharging
 t - 34 scrolls of remove curse
 A - 5 scrolls of magic mapping {!r}
 E - a scroll of identify
 K - 7 scrolls of fear
 L - 6 scrolls of fog
 T - 8 scrolls of enchant armour
 X - 4 scrolls of blinking {!r}
 Z - 3 scrolls of holy word {!r}
Potions
 c - 3 potions of resistance
 e - 13 potions of heal wounds
 m - 7 potions of flight
 o - 5 potions of agility
 w - 6 potions of cancellation
 x - 21 potions of curing
 z - 5 potions of invisibility
 C - 8 potions of might
 D - 4 potions of brilliance
 I - a potion of magic
 M - 6 potions of haste
 Y - a potion of mutation {!q}
Books
 b - a manual of Charms {!d}
   (You found it on level 12 of a ziggurat)
Miscellaneous
 n - a lamp of fire
   (You found it on level 3 of the Elven Halls)
 y - a phial of floods
   (You found it on level 4 of the Vaults)
Comestibles
 f - 11 bread rations {@e1}
 g - 18 meat rations {@e2}
 i - 39 fruits
 p - 26 royal jellies


   Skills:
 O Level 27 Fighting
   Level 2.4(7.4) Short Blades
 - Level 23.3(27) Polearms
 - Level 10.7(15.7) Armour
 O Level 27 Dodging
 - Level 7.5(12.5) Stealth
   Level 4.0(9.0) Shields
 - Level 2.1(7.1) Unarmed Combat
 + Level 15.4 Spellcasting
 - Level 5.0 Hexes
 - Level 12.9 Charms
 + Level 18.0 Summonings
 - Level 2.6 Necromancy
 - Level 6.7 Air Magic
 - Level 13.3 Invocations
 - Level 12.4 Evocations


You had 7 spell levels left.
You knew the following spells:

 Your Spells              Type           Power        Failure   Level  Hunger
a - Dragon's Call         Summ           #######...   56%         9    #######
b - Summon Lightning Spi  Summ/Air       ######..     1%          4    None
c - Summon Hydra          Summ           #######...   1%          7    ######.
d - Deflect Missiles      Chrm/Air       ######....   4%          6    #####..
e - Shadow Creatures      Summ           N/A          1%          6    #####..
g - Apportation           Tloc           ###...       1%          1    None
q - Aura of Abjuration    Summ           #######...   1%          5    ###....
r - Regeneration          Chrm/Necr      #####.....   1%          3    None
s - Swiftness             Chrm/Air       ######..     1%          2    None
z - Spectral Weapon       Hex/Chrm       ######..     1%          3    None
A - Ozocubu's Armour      Chrm/Ice       #####...     1%          3    None


Dungeon Overview and Level Annotations

Branches:
Dungeon (15/15)            Temple (1/1) D:5            Lair (6/6) D:11
  Swamp (4/4) Lair:3       Spider (4/4) Lair:4        Slime (5/5) Lair:6
    Orc (2/2) D:11            Elf (3/3) Orc:2        Vaults (5/5) D:13
  Crypt (1/3) Vaults:2     Depths (5/5) D:15            Zot (5/5) Depths:5

Altars:
Ashenzari
Cheibriados
Dithmenos
Elyvilon
Fedhas
Gozag
Hepliaklqana
Kikubaaqudgha
Makhleb
Nemelex Xobeh
Okawaru
Qazlal
Ru
Sif Muna
Trog
Uskayaw
Vehumet
Wu Jian
Xom
Yredelemnul
Zin
The Shining One
Jiyva
Lugonu

Shops:
D:5 }   D:9 (   D:11 *   Orc:2 }![*}   Elf:1 }}*}*   Elf:2 !!:=(   Elf:3 !
Vaults:1 (   Vaults:2 =![}   Depths:3 !%*[   Depths:5 [(=(

Portals:
Hell: Depths:1 Depths:2 Depths:3 Depths:5
Abyss: Depths:4
Pandemonium: Depths:1 Depths:3

Annotations:
Lair:1 exclusion: 2 oklob plants
Lair:3 exclusion: electric eel
Slime:3 exclusion: upstairs
Slime:4 1 exclusion
Elf:1 Saint Roka
Elf:3 exclusion: Mara, Mara
Crypt:1 Mennas


Innate Abilities, Weirdness & Mutations

You revert to your normal form in water.
You are very nimble and swift while swimming.
You are very stealthy in the water. (Stealth+)
You possess an exceptional clarity of mind.
Your body sometimes deteriorates upon taking damage.
You have an increased reservoir of magic. (+10% MP)
You are somewhat resistant to further mutation.


Message History

You feel as though you will be slow longer.
The death cob completely misses you.
The curse toe gestures.
The death cob closely misses you.
You take 1 damage, and have 39/249 hp.
You now have 14/46 mp.
Unknown command.
Okay, then.
You feel much better. The death cob misses you.
The death cob completely misses you. x2
Your green draconian closely misses the death cob.
Your green draconian tail-slaps the death cob but does no damage.
The deathcap completely misses you. The deathcap closely misses you.
The deathcap completely misses you. The death cob misses you.
The yellow draconian hits you with a long sword!
* * * LOW HITPOINT WARNING * * *
The curse toe gestures.
You regained 24 hp, and now have 63/249 hp.
You now have 13/46 mp.
Unknown command.
Really read
X - 5 scrolls of blinking {!r}?
Your blink will be uncontrolled - continue anyway?
The Orb prevents control of your translocation!
You blink.
As you read the scroll of blinking {!r}, it crumbles to dust.
The wandering mushroom disappears in a puff of smoke!
The deathcap disappears in a puff of smoke!
The wandering mushroom disappears in a puff of smoke!
The death cob hits your green draconian!
The death cob drains your green draconian's vigour!
Your green draconian seems to slow down.
The death cob hits your green draconian!
The death cob drains your green draconian's vigour!
Your green draconian seems to slow down.
The death cob hits your green draconian but does no damage.
Your green draconian misses the death cob.
Your green draconian tail-slaps the death cob but does no damage.
The deathcap draws from the surrounding life force!
* * * LOW HITPOINT WARNING * * *
The yellow draconian throws acid at you.
The glob of acid hits your green draconian.
Your green draconian is splashed with acid.
The acid corrodes your green draconian!
Your green draconian is splashed with acid.
The death cob hits your green draconian!
The deathcap draws from the surrounding life force!
* * * LOW HITPOINT WARNING * * *
Unknown command.
Unknown command.
You take 7 damage, and have 56/249 hp.
Unknown command.
Okay, then.
Unknown command.
Here: an electric golem The floor.
Unknown command.
You can now deal lightning-fast blows.
The death cob hits your green draconian!!
The death cob drains your green draconian's vigour!
Your green draconian seems to slow down.
The electric golem crackles and sizzles.
The electric golem completely misses you. x2
The electric golem hits you but does no damage.
The electric golem completely misses you.
The death cob barely misses your green draconian.
The death cob hits your green draconian!
Your green draconian dies!
Your green draconian's corpse dissolves into shadows!
The electric golem crackles and sizzles.
The electric golem hits you.
* * * LOW HITPOINT WARNING * * *
The electric golem shocks you! You resist.
* * * LOW HITPOINT WARNING * * *
The electric golem completely misses you. x3
The curse toe calls on the powers of darkness!
Your body is wracked with pain!
* * * LOW HITPOINT WARNING * * *
The yellow draconian convulses!
Unknown command.
You take 24 damage, and have 32/249 hp.
You now have 4/46 mp.
Unknown command.
Unknown command.
You feel much better.
The electric golem completely misses you.
The electric golem hits you but does no damage.
The electric golem hits you!
* * * LOW HITPOINT WARNING * * *
The electric golem misses you.
The electric golem barely misses you. x2
The electric golem completely misses you.
The electric golem barely misses you.
The curse toe calls on the powers of darkness!
Your body is wracked with pain!
* * * LOW HITPOINT WARNING * * *
The yellow draconian convulses!
The death cob hits you!
* * * LOW HITPOINT WARNING * * *
The death cob drains your vigour!
You feel as though you will be slow longer.
The deathcap draws from the surrounding life force!
* * * LOW HITPOINT WARNING * * *
The electric golem hits you!
You die...

**,,,,,,,,,,,,,,,,**
**,,,,,,,,,,,,,,**
▓▓#########**********
#......⌠ff######,,,,,
#..f.....f.....#,,,,,
##.....dfff......,,,,,
#......§...f....#,,,,,
#....zz....######*,,,,
#....@8......,,* *,,,,
#............,,* *,,,,
#........#...,,* ****,
#........#....,******,
##......###,,,,,,,,,,,
#.......<#,,,,**,,,,,
#.!....#.#,,,,**,,,,,
#......#^#,,,,**,,,,,
#........d,,,,*******


You could see an electric golem, a yellow draconian, a curse toe, a death cob, 5
deathcaps and 3 wandering mushrooms.

Vanquished Creatures
  the Royal Jelly (Slime:5)
  2 orbs of fire
  An ancient lich (Zig:9)
  3 juggernauts
  Sojobo (Depths:2)
  Margery (Depths:1)
  Frederick (Depths:5)
  3 Killer Klowns
  9 golden dragons
  Nikola (Elf:2)
  Jory (Depths:3)
  the Enchantress (Depths:3)
  A Hellbinder (WizLab)
  4 bone dragons
  An electric golem (Zot:4)
  Jorgrun (Elf:2)
  10 tentacled monstrosities
  Rupert (Lair:5)
  3 deep elf blademasters
  Asterion (Vaults:1)
  3 quicksilver dragons
  5 liches
  4 titans (Vaults:5)
  2 deep elf master archers (Elf:3)
  18 acid blobs
  3 sphinxes
  3 thorn hunters
  6 death cobs
  Kirke (Swamp:2)
  2 ancient champions (Zig:9)
  6 tengu reavers
  11 storm dragons
  5 draconian monks
  2 revenants (Zig:9)
  11 shadow dragons
  The ghost of Zigma the Brawler, an adept DrMo of Makhleb (Swamp:3)
  Roxanne (D:14)
  24 fire giants
  3 draconian scorchers
  12 azure jellies
  6 draconian knights
  4 orc warlords
  Aizul (Crypt:1)
  9 deep elf sorcerers
  6 ghost moths
  2 deep elf elementalists
  11 frost giants
  4 iron dragons
  A caustic shrike zombie (Zig:6)
  2 balrugs (Zot:3)
  2 draconian shifters
  18 vault wardens
  6 emperor scorpions (Spider:4)
  4 draconian annihilators
  4 reapers
  A ghoul (Vaults:5)
  5 draconian stormcallers
  A curse skull (Crypt:1)
  2 war gargoyles
  17 ironheart preservers
  7 spriggan defenders
  24 very ugly things
  3 juggernaut skeletons
  31 stone giants
  5 white draconians
  7 entropy weavers
  A stone giant (shapeshifter) (Elf:2)
  13 black draconians
  5 green draconians
  13 deep elf demonologists
  3 vampire knights
  11 red draconians
  8 deep elf annihilators
  4 yellow draconians
  5 spark wasps
  5 purple draconians
  A merfolk javelineer (Zig:5)
  A crystal guardian (Vaults:4)
  A blizzard demon (WizLab)
  A green death (Zig:11)
  6 death oozes (Slime:5)
  18 ettins
  10 deep elf death magi
  Josephine (Lair:4)
  2 merfolk impalers (Zig:5)
  19 ogre magi
  An eidolon (Zig:9)
  Fannar (Lair:2)
  Harold (Lair:4)
  23 fire dragons
  16 yaktaur captains
  5 deep elf high priests
  15 great orbs of eyes
  33 vault guards
  4 rakshasas
  12 ice dragons
  5 spriggan air magi
  2 ghost crabs (Zig:11)
  24 hydras
  22 centaur warriors
  9 alligators
  A merfolk avatar (Lair:6)
  4 death knights
  2 satyrs
  9 tengu warriors
  48 two-headed ogres
  33 dancing weapons
  15 deep troll earth magi
  8 deep troll shamans
  A titan zombie (Depths:2)
  7 spriggan berserkers
  5 vampire magi
  10 orc high priests
  9 hell knights
  Nergalle (Lair:2)
  Sonja (D:13)
  3 soul eaters
  3 sun demons (WizLab)
  17 deep elf knights
  5 iron trolls
  2 shadow wraiths
  15 skeletal warriors
  A storm dragon skeleton (Zig:6)
  2 wizards
  3 spriggan druids
  29 deep trolls
  A glowing orange brain (shapeshifter) (Vaults:5)
  5 unseen horrors
  2 shambling mangroves
  3 glowing orange brains
  5 golden dragon skeletons (Depths:3)
  5 flayed ghosts
  11 harpies
  11 swamp dragons
  A tengu zombie (Depths:1)
  A sphinx zombie (Depths:2)
  12 ironbrand convokers
  11 deep elf archers
  6 phantasmal warriors
  9 necromancers
  22 orc knights
  2 frost giant zombies
  86 deep elf magi
  4 tengu skeletons
  11 orc sorcerers
  30 ugly things
  A fire giant zombie (Crypt:1)
  13 orb spiders
  5 manticores
  7 oklob plants (Zig:4)
  2 salamanders (Depths:2)
  A moth of wrath (shapeshifter) (Vaults:4)
  2 frost giant skeletons
  12 cyclopes
  2 stone giant zombies
  2 shining eyes (Slime:4)
  2 rust devils
  20 moths of wrath
  4 shadow dragon skeletons (Depths:3)
  29 wolf spiders
  2 sphinx skeletons (Depths:3)
  A stone giant skeleton (Depths:2)
  16 elephants
  16 vault sentinels
  2 ice statues
  3 black mambas
  2 orange demons (WizLab)
  A torpor snail (shapeshifter) (Vaults:3)
  2 fire giant skeletons
  2 torpor snails
  2 gargoyles (D:13)
  A spiny frog (shapeshifter) (Vaults:4)
  3 eyes of devastation
  18 spiny frogs
  A yaktaur (shapeshifter) (Vaults:5)
  57 yaktaurs
  The ghost of MackTheKnife the Spear-Bearer, a novice MfWn (D:5)
  5 spriggan skeletons
  14 demonic crawlers
  17 rime drakes
  6 komodo dragons
  A hellion (WizLab)
  4 ice devils
  2 tormentors
  3 tengu conjurers
  An efreet (D:14)
  10 freezing wraiths
  3 red devils
  A yaktaur skeleton (Vaults:4)
  3 human skeletons
  4 merfolk (Zig:5)
  15 trolls
  4 polar bears (Lair:6)
  A meliai (shapeshifter) (D:14)
  3 meliai (D:14)
  35 jumping spiders
  5 tyrant leeches
  21 hornets
  2 polar bears (shapeshifter)
  A hippogriff (shapeshifter) (Vaults:3)
  A wind drake (shapeshifter) (Depths:2)
  Prince Ribbit (D:7)
  17 blink frogs
  7 bog bodies
  5 dream sheep (Lair:5)
  77 slime creatures
  16 hippogriffs
  A frost giant simulacrum (Vaults:5)
  2 ettin skeletons
  17 flying skulls
  3 shadows
  5 air elementals
  2 deep troll skeletons
  52 yaks
  2 fire dragon skeletons
  5 spriggans
  21 tarantellas
  A tarantella (shapeshifter) (Elf:3)
  A ynoxinul (WizLab)
  3 elf skeletons (Depths:3)
  2 vampires
  68 redbacks
  4 water elementals
  12 wraiths
  12 wyverns
  2 fire elementals
  A fire bat (shapeshifter) (Vaults:3)
  7 basilisks
  Eustachio (D:4)
  19 golden eyes
  A golden eye (shapeshifter) (Vaults:5)
  20 vampire mosquitoes
  A steam dragon (D:12)
  2 hungry ghosts
  9 wargs
  Menkaure (D:6)
  18 swamp worms
  A warg (shapeshifter) (Vaults:2)
  An insubstantial wisp (Zig:11)
  16 water moccasins
  An acid dragon (Vaults:1)
  A soldier ant (D:8)
  A swamp worm (shapeshifter) (Elf:1)
  4 porcupines
  A floating eye (Depths:4)
  6 sky beasts
  A hornet zombie (D:13)
  58 orc warriors
  12 ice beasts
  An eye of draining (shapeshifter) (Vaults:3)
  14 swamp drakes
  5 eyes of draining
  6 necrophages
  58 ogres
  3 phantoms
  3 black bears
  A tengu (shapeshifter) (Vaults:5)
  16 wolves
  11 boggarts
  30 centaurs
  12 crocodiles
  5 big kobolds
  Blork the orc (D:4)
  6 elf zombies
  13 bullfrogs
  4 earth elementals
  A wyvern skeleton (D:13)
  8 scorpions
  12 killer bees
  An electric eel (Lair:4)
  2 vampire bats (Lair:3)
  5 wights (D:7)
  8 howler monkeys
  3 bullfrog zombies
  7 crimson imps
  4 human zombies (Ossuary)
  3 quasits
  4 centaur zombies
  4 jellies
  20 orc priests
  3 bullfrog skeletons
  6 hounds
  38 orc wizards
  9 centaur skeletons
  An iron imp (Depths:4)
  A gnoll shaman (D:4)
  Ijyb (D:5)
  4 iguanas
  18 worker ants
  Terence (D:2)
  A killer bee zombie (D:10)
  A hound zombie (D:9)
  3 mummies (Ossuary)
  Robin (D:2)
  20 gnolls
  A howler monkey skeleton (D:11)
  17 adders
  2 shadow imps
  A white imp (Zig:6)
  An ooze (D:3)
  An adder skeleton (D:8)
  3 adder zombies
  3 worms
  7 dart slugs
  6 leopard geckos
  111 orcs
  4 giant cockroaches
  21 goblins
  17 hobgoblins
  16 jackals
  6 quokkas
  12 bats
  4 frilled lizards
  A jackal skeleton (D:5)
  A jackal zombie (Crypt:1)
  32 kobolds
  A leopard gecko zombie (D:6)
  2 quokka skeletons
  7 rats
  2 briar patches (Swamp:3)
  2 plants
2701 creatures vanquished.

Vanquished Creatures (collateral kills)
  2 tentacled monstrosities (Zot:4)
  A storm dragon (Zot:4)
  2 shadow dragons (Zot:4)
  4 fire giants (Zot:3)
  A black draconian (Zot:3)
  A green draconian (Zot:4)
  A white draconian (Zot:1)
  A purple draconian (Zot:4)
  A fire dragon (Zot:3)
  2 ugly things
  3 moths of wrath
  A yaktaur (Vaults:5)
  A merfolk (Zig:5)
  A spriggan (Depths:3)
22 creatures vanquished.

Vanquished Creatures (others)
  A draconian knight (Zig:8)
  A deep elf annihilator (Elf:3)
  A yaktaur captain (Depths:3)
  A deep elf knight (Vaults:2)
  A spriggan druid (Swamp:4)
  A wizard (Vaults:2)
  A deep elf mage (Elf:2)
  An ugly thing (Zig:11)
  An ice statue (IceCv)
  A vault sentinel (Vaults:2)
  A jumping spider (Spider:4)
  An air elemental (Depths:5)
  3 humans (Swamp:2)
  An orc warrior (Zig:7)
  A swamp drake (Swamp:2)
  An ogre (Depths:1)
  An orc wizard (Vaults:4)
  An orc (Vaults:2)
  12 fungi
  64 plants
  50 spectral weapons
146 creatures vanquished.

Grand Total: 2869 creatures vanquished

Notes
Turn   | Place    | Note
-------+----------+-------------------------------------------
     0 | D:1      | MackTheKnife the Merfolk Wanderer began the quest for the Orb.
     0 | D:1      | MackTheKnife set off with: a +2 short sword, a +0 spear, a +0 buckler, a +0 robe, a bread ration {@e1}
     0 | D:1      | Reached XP level 1. HP: 16/16 MP: 1/1
    88 | D:1      | Reached skill level 1 in Polearms
   134 | D:1      | Reached XP level 2. HP: 14/23 MP: 2/2
   324 | D:1      | Reached skill level 2 in Polearms
   547 | D:1      | Reached skill level 3 in Fighting
   643 | D:1      | HP: 6/24 [poisoned by a kobold]
   651 | D:1      | HP: 5/24 [poisoned by a kobold]
   972 | D:1      | Reached XP level 3. HP: 24/29 MP: 3/3
  1075 | D:2      | HP: 7/29 [adder (4)]
  1077 | D:2      | Reached skill level 3 in Polearms
  1080 | D:2      | HP: 5/29 [poisoned by an adder]
  1088 | D:2      | HP: 4/29 [poisoned by an adder]
  1376 | D:2      | Noticed Robin
  1480 | D:2      | Reached XP level 4. HP: 28/35 MP: 4/4
  1515 | D:1      | Reached skill level 3 in Dodging
  1702 | D:2      | Killed Robin
  2156 | D:2      | Noticed Terence
  2183 | D:2      | Killed Terence
  2183 | D:2      | Reached skill level 4 in Polearms
  2183 | D:2      | Reached XP level 5. HP: 42/42 MP: 5/5
  2191 | D:2      | Reached skill level 4 in Fighting
  2712 | D:3      | Found a burning altar of Makhleb.
  2712 | D:3      | Noticed an Executioner
  2961 | D:3      | Reached skill level 4 in Dodging
  3215 | D:3      | Reached XP level 6. HP: 41/49 MP: 6/6
  3262 | D:3      | Reached skill level 5 in Polearms
  3386 | D:3      | Reached skill level 6 in Polearms
  3728 | D:4      | Noticed a dagger
  3728 | D:4      | Found a hide-covered altar of Uskayaw.
  3728 | D:4      | Noticed a hand axe
  3833 | D:4      | Reached skill level 7 in Polearms
  4115 | D:4      | Found a snail-covered altar of Cheibriados.
  4133 | D:4      | Reached XP level 7. HP: 52/55 MP: 7/7
  4139 | D:4      | Reached skill level 8 in Polearms
  4189 | D:4      | Noticed Eustachio
  4201 | D:4      | Killed Eustachio
  4201 | D:4      | Reached skill level 9 in Polearms
  4282 | D:4      | Reached skill level 10 in Polearms
  4464 | D:4      | Reached XP level 8. HP: 39/61 MP: 8/8
  4703 | D:4      | Noticed Blork the orc
  4719 | D:4      | Killed Blork the orc
  4719 | D:4      | Reached skill level 11 in Polearms
  4722 | D:4      | Found a deep blue altar of Sif Muna.
  4820 | D:5      | Entered Level 5 of the Dungeon
  4823 | D:5      | Noticed MackTheKnife's ghost (novice MfWn)
  4832 | D:5      | Killed MackTheKnife's ghost
  4832 | D:5      | Reached skill level 12 in Polearms
  4870 | D:5      | Found Hugimesch's Gadget Shop.
  4954 | D:5      | Noticed Ijyb
  4969 | D:5      | Killed Ijyb
  4974 | D:5      | Found a staircase to the Ecumenical Temple.
  4995 | Temple   | Entered the Ecumenical Temple
  5104 | Temple   | Became a worshipper of Warmaster Okawaru
  5515 | D:6      | Found an ornate altar of the Wu Jian Council.
  5818 | D:6      | Reached skill level 13 in Polearms
  5949 | D:6      | Noticed Menkaure
  5968 | D:6      | Killed Menkaure
  6190 | D:6      | Reached XP level 9. HP: 59/66 MP: 9/9
  6660 | D:7      | Reached skill level 14 in Polearms
  6669 | D:7      | Reached * piety under Okawaru
  7192 | D:7      | Reached skill level 15 in Polearms
  7249 | D:7      | Noticed Prince Ribbit
  7261 | D:7      | Killed Prince Ribbit
  7261 | D:7      | Reached skill level 5 in Fighting
  7261 | D:7      | Reached skill level 5 in Dodging
  7330 | D:7      | Found a stormy altar of Qazlal.
  7444 | D:7      | Reached skill level 6 in Dodging
  7535 | D:7      | Reached ** piety under Okawaru
  7892 | D:8      | Reached skill level 6 in Fighting
  7940 | D:8      | Found a sand-covered staircase.
  7944 | Ossuary  | Entered an ossuary
  8030 | Ossuary  | Reached skill level 7 in Dodging
  8054 | Ossuary  | Reached XP level 10. HP: 77/77 MP: 10/10
  8220 | D:8      | Reached skill level 7 in Fighting
  8247 | D:8      | Reached *** piety under Okawaru
  8247 | D:8      | Reached skill level 8 in Dodging
  8252 | D:8      | Paralysed by a hornet for 2 turns
  8259 | D:8      | HP: 19/79 [poisoned by a hornet]
  8270 | D:8      | HP: 19/79 [poisoned by a soldier ant]
  8275 | D:8      | HP: 15/79 [poisoned by a soldier ant]
  8280 | D:8      | HP: 12/79 [poisoned by a soldier ant]
  8285 | D:8      | HP: 10/79 [poisoned by a soldier ant]
  8290 | D:8      | HP: 9/79 [poisoned by a soldier ant]
  8297 | D:8      | HP: 9/79 [poisoned by a soldier ant]
  8305 | D:8      | HP: 9/79 [poisoned by a soldier ant]
  8695 | D:8      | Found a basalt altar of Yredelemnul.
  8726 | D:8      | Noticed a two-headed ogre
  8788 | D:8      | Paralysed by a hornet for 2 turns
  8792 | D:8      | Reached skill level 16 in Polearms
  8856 | D:8      | Killed a two-headed ogre
  8856 | D:8      | Reached skill level 8 in Fighting
  8856 | D:8      | Reached skill level 9 in Dodging
  8880 | D:8      | Found a hazy altar of Hepliaklqana.
  8886 | D:8      | Found a sacrificial altar of Ru.
  9280 | D:9      | Got a distressingly furry helmet
  9291 | D:9      | Identified the +0 helmet "Xame" {*Drain rF++ MR++} (You found it on level 9 of the Dungeon)
  9369 | D:9      | Found a glowing silver altar of Zin.
  9369 | D:9      | Found a glowing golden altar of the Shining One.
  9369 | D:9      | Found a white marble altar of Elyvilon.
  9390 | D:9      | Reached skill level 1 in Invocations
  9440 | D:9      | Reached **** piety under Okawaru
  9450 | D:9      | Reached skill level 10 in Dodging
  9450 | D:9      | Reached skill level 2 in Invocations
  9450 | D:9      | Reached XP level 11. HP: 51/87 MP: 9/12
  9636 | D:9      | Found a shadowy altar of Dithmenos.
  9739 | D:9      | Reached skill level 9 in Fighting
  9919 | D:9      | Reached skill level 3 in Invocations
  9956 | D:9      | Found Sabipt's Weapon Boutique.
 10178 | D:9      | Found a bloodstained altar of Trog.
 10291 | D:10     | Entered Level 10 of the Dungeon
 10722 | D:10     | Reached skill level 4 in Invocations
 11272 | D:11     | Noticed a white ugly thing
 11281 | D:11     | HP: 20/89 [white ugly thing (22)]
 11499 | D:11     | Reached skill level 11 in Dodging
 11723 | D:11     | Found a staircase to the Orcish Mines.
 11739 | D:11     | Killed an unseen horror
 11739 | D:11     | Reached ***** piety under Okawaru
 11900 | D:11     | Reached skill level 5 in Invocations
 12070 | D:11     | Found a staircase to the Lair.
 12071 | D:11     | Found Fatzosk's Assorted Antiques.
 12079 | D:11     | Bought a steaming trident for 272 gold pieces
 12079 | D:11     | Bought a sedimented brown potion for 28 gold pieces
 12079 | D:11     | Identified the +10 trident of Haisamul {pierce, Fragile +Fly rF+} (You bought it in a shop on level 11 of the Dungeon)
 12118 | D:11     | Reached skill level 10 in Fighting
 12421 | D:11     | HP: 8/90 [white ugly thing (23)]
 12421 | D:11     | Killed a white ugly thing
 12576 | D:11     | Reached skill level 3 in Shields
 13053 | D:12     | Reached skill level 4 in Shields
 13268 | D:12     | Killed an unseen horror
 13278 | D:12     | Noticed a deep elf mage
 13285 | D:12     | Killed a deep elf mage
 13285 | D:12     | Received a gift from Okawaru
 13288 | D:12     | Got a pair of steaming boots {god gift}
 13299 | D:12     | Identified the +2 pair of boots of Oblivion {rF+ Int+4} (Okawaru gifted it to you on level 12 of the Dungeon)
 13339 | D:12     | Reached XP level 12. HP: 90/98 MP: 16/16
 13355 | D:12     | Got a smoking leather armour
 13713 | D:12     | Identified the +1 leather armour of Elitism {Dex+7} (You found it on level 12 of the Dungeon)
 13785 | D:13     | Reached skill level 6 in Invocations
 13814 | D:13     | Reached skill level 12 in Dodging
 13978 | D:13     | Noticed a centaur warrior
 13988 | D:13     | Killed a centaur warrior
 13991 | D:13     | Reached skill level 11 in Fighting
 14018 | D:13     | Reached skill level 7 in Invocations
 14222 | D:13     | Noticed a sun demon
 14328 | D:13     | Noticed a six-headed hydra
 14335 | D:13     | Killed a six-headed hydra
 14575 | D:13     | Reached skill level 13 in Dodging
 14840 | D:13     | Reached skill level 8 in Invocations
 14915 | D:13     | Noticed Sonja
 14916 | D:13     | Noticed a two-headed ogre
 14937 | D:13     | Killed a two-headed ogre
 14937 | D:13     | Received a gift from Okawaru
 14937 | D:13     | Killed Sonja
 14937 | D:13     | Reached skill level 12 in Fighting
 15047 | D:13     | Found a gate to the Vaults.
 15083 | D:13     | Reached skill level 14 in Dodging
 15083 | D:13     | Reached XP level 13. HP: 54/109 MP: 19/19
 15684 | D:13     | Learned a level 3 spell: Regeneration
 15924 | D:11     | Gained mutation: You tend to lose your temper in combat. [potion of mutation]
 15924 | D:11     | Gained mutation: You are agile. (Dex +2) [potion of mutation]
 15925 | D:11     | Lost mutation: You are agile. (Dex +2) [potion of mutation]
 15925 | D:11     | Lost mutation: You tend to lose your temper in combat. [potion of mutation]
 15925 | D:11     | Gained mutation: Your body sometimes deteriorates upon taking damage. [potion of mutation]
 15925 | D:11     | Gained mutation: Your magical capacity is low. (-10% MP) [potion of mutation]
 15925 | D:11     | Gained mutation: You possess an exceptional clarity of mind. [potion of mutation]
 15925 | D:11     | Gained mutation: You are agile. (Dex +2) [potion of mutation]
 15926 | D:11     | Lost mutation: Your magical capacity is low. (-10% MP) [potion of mutation]
 15926 | D:11     | Lost mutation: Your body sometimes deteriorates upon taking damage. [potion of mutation]
 15926 | D:11     | Lost mutation: You are agile. (Dex +2) [potion of mutation]
 15926 | D:11     | Lost mutation: You possess an exceptional clarity of mind. [potion of mutation]
 15926 | D:11     | Gained mutation: You are clumsy. (Dex -2) [potion of mutation]
 15926 | D:11     | Gained mutation: Your flesh is cold resistant. (rC+) [potion of mutation]
 15926 | D:11     | Gained mutation: You have a pair of small horns on your head. [potion of mutation]
 15927 | D:11     | Lost mutation: Your flesh is cold resistant. (rC+) [potion of mutation]
 15927 | D:11     | Lost mutation: You are clumsy. (Dex -2) [potion of mutation]
 15927 | D:11     | Lost mutation: You have a pair of small horns on your head. [potion of mutation]
 15927 | D:11     | Gained mutation: You occasionally shout uncontrollably at your foes. [potion of mutation]
 15927 | D:11     | Gained mutation: You are somewhat resistant to further mutation. [potion of mutation]
 15927 | D:11     | Gained mutation: Your body sometimes deteriorates upon taking damage. [potion of mutation]
 15949 | Lair:1   | Entered Level 1 of the Lair of Beasts
 16326 | Lair:1   | Reached skill level 13 in Fighting
 16638 | Lair:2   | Noticed Fannar
 16658 | Lair:2   | Killed Fannar
 16721 | Lair:2   | Reached ****** piety under Okawaru
 16876 | Lair:2   | Reached skill level 15 in Dodging
 16936 | Lair:2   | Noticed Nergalle
 16950 | Lair:2   | Killed Nergalle
 16956 | Lair:2   | Received a gift from Okawaru
 17724 | Lair:3   | Received a gift from Okawaru
 17735 | Lair:3   | Got a pair of faintly humming gloves {god gift}
 17741 | Lair:3   | Identified the +2 pair of gloves of Impressiveness {MR- Str+2 Dex+2} (Okawaru gifted it to you on level 3 of the Lair of Beasts)
 17824 | Lair:3   | Found a staircase to the Swamp.
 17852 | Lair:3   | Reached skill level 14 in Fighting
 17874 | Lair:3   | Identified the Catalogue of Frigorific Darkness
 18267 | Lair:4   | Noticed Josephine
 18307 | Lair:4   | Found a frozen archway.
 18311 | Lair:4   | Reached skill level 16 in Dodging
 18326 | IceCv    | Entered an ice cave
 18391 | IceCv    | Found a transporter.
 18465 | IceCv    | Got a twisted spear
 18718 | Lair:4   | Reached XP level 14. HP: 121/121 MP: 20/20
 18759 | Lair:4   | Found a hole to the Spider Nest.
 19024 | Lair:4   | Noticed Harold
 19068 | Lair:4   | Reached skill level 15 in Fighting
 19084 | Lair:4   | Killed Harold
 19084 | Lair:4   | Reached skill level 17 in Dodging
 19300 | Lair:4   | Killed Josephine
 19611 | Lair:5   | Received a gift from Okawaru
 20170 | Lair:5   | Noticed Rupert
 20195 | Lair:5   | Killed Rupert
 20843 | Lair:6   | Entered Level 6 of the Lair of Beasts
 20856 | Lair:6   | Paralysed by a hornet for 3 turns
 21175 | Lair:6   | Reached skill level 18 in Dodging
 21236 | Lair:6   | Reached skill level 17 in Polearms
 21338 | Lair:6   | Reached skill level 16 in Fighting
 21338 | Lair:6   | Reached XP level 15. HP: 108/131 MP: 18/21
 21406 | Lair:6   | Received a gift from Okawaru
 21711 | Lair:6   | Found a staircase to the Slime Pits.
 22349 | Orc:1    | Entered Level 1 of the Orcish Mines
 22510 | Orc:1    | Reached skill level 18 in Polearms
 22711 | Orc:1    | Found a bloodstained altar of Trog.
 22752 | Orc:2    | Entered Level 2 of the Orcish Mines
 23162 | Orc:2    | Reached skill level 19 in Dodging
 23420 | Lair:3   | Lost mutation: You occasionally shout uncontrollably at your foes. [potion of mutation]
 23420 | Lair:3   | Gained mutation: You have an increased reservoir of magic. (+10% MP) [potion of mutation]
 23592 | Orc:2    | Found Haenaaf's Gadget Boutique.
 23646 | Orc:2    | Found a staircase to the Elven Halls.
 23973 | Orc:2    | Received a gift from Okawaru
 24292 | Orc:2    | Reached skill level 17 in Fighting
 24301 | Orc:2    | Got a smoking long sword {god gift}
 24306 | Orc:2    | Found Uhiphist's Gadget Boutique.
 24306 | Orc:2    | Found Ciehumei's Assorted Antiques.
 24308 | Orc:2    | Found Taxuh's Distillery.
 24308 | Orc:2    | Found Loham's Antique Armour Emporium.
 24319 | Orc:2    | Bought 2 potions of heal wounds for 370 gold pieces
 24322 | Orc:2    | Bought a potion of haste for 110 gold pieces
 24322 | Orc:2    | Bought a potion of haste for 110 gold pieces
 24322 | Orc:2    | Bought 2 potions of haste for 220 gold pieces
 24322 | Orc:2    | Bought a potion of invisibility for 88 gold pieces
 24322 | Orc:2    | Bought a potion of curing for 33 gold pieces
 24322 | Orc:2    | Bought a potion of curing for 33 gold pieces
 24322 | Orc:2    | Bought a potion of agility for 44 gold pieces
 24786 | D:13     | Reached skill level 1 in Stealth
 24885 | D:14     | Reached skill level 2 in Stealth
 24935 | D:14     | Found a glowing silver altar of Zin.
 24944 | D:14     | Reached skill level 3 in Stealth
 24952 | D:14     | Reached XP level 16. HP: 99/141 MP: 16/24
 24979 | D:14     | Reached skill level 4 in Stealth
 25003 | D:14     | Reached skill level 5 in Stealth
 25190 | D:14     | Reached skill level 6 in Stealth
 25294 | D:14     | Received a gift from Okawaru
 25323 | D:14     | Found a shimmering altar of Xom.
 25324 | D:14     | Found a shimmering altar of Xom.
 25324 | D:14     | Found a shimmering altar of Xom.
 25329 | D:14     | Reached skill level 7 in Stealth
 25409 | D:14     | Noticed Roxanne
 25477 | D:14     | Reached skill level 1 in Armour
 25486 | D:14     | Received a gift from Okawaru
 26206 | D:14     | Killed Roxanne
 26206 | D:14     | Reached skill level 2 in Armour
 26207 | D:14     | Identified Roxanne's Guide on the Mountains (You took it off Roxanne on level 14 of the Dungeon)
 26265 | D:15     | Entered Level 15 of the Dungeon
 26391 | D:15     | Found a staircase to the Depths.
 26395 | D:15     | Reached skill level 3 in Armour
 26882 | D:15     | Reached skill level 4 in Armour
 27240 | Swamp:1  | Entered Level 1 of the Swamp
 27343 | Swamp:1  | Reached skill level 5 in Armour
 28221 | Swamp:2  | Noticed Kirke
 28237 | Swamp:2  | Killed Kirke
 28237 | Swamp:2  | Reached skill level 6 in Armour
 28281 | Swamp:2  | Received a gift from Okawaru
 28388 | Swamp:2  | Identified a scroll of acquirement
 28389 | Swamp:2  | Got a bloodstained buckler
 28400 | Swamp:2  | Identified the +0 buckler of the Realm of Zot {MR+ Str+4 Int-3 SInv} (You acquired it on level 2 of the Swamp)
 28551 | Swamp:2  | Reached skill level 7 in Armour
 28596 | Swamp:3  | Noticed Zigma's ghost (adept DrMo)
 28624 | Swamp:3  | Killed Zigma's ghost
 28863 | Swamp:3  | Reached XP level 17. HP: 142/147 MP: 23/25
 28886 | Swamp:3  | Reached skill level 8 in Armour
 29307 | Swamp:4  | Entered Level 4 of the Swamp
 29395 | Swamp:4  | Reached skill level 9 in Armour
 29647 | Swamp:4  | Got a decaying rune of Zot
 29920 | Swamp:4  | Received a gift from Okawaru
 29927 | Swamp:4  | Reached skill level 10 in Armour
 29933 | Swamp:4  | Got a pitted glaive {god gift}
 29934 | Swamp:4  | Identified the +4 glaive of Extinguishment {vamp, rPois rC- Dex+5} (Okawaru gifted it to you on level 4 of the Swamp)
 30495 | Elf:1    | Entered Level 1 of the Elven Halls
 30533 | Elf:1    | Found Vodghoow's Assorted Antiques.
 30613 | Elf:1    | Found Vixiwif's Gadget Boutique.
 30812 | Elf:1    | You fall through a shaft!
 30825 | Elf:2    | Noticed Saint Roka
 31349 | Elf:1    | Noticed a Tzitzimitl
 31351 | Elf:1    | Noticed a Hell Sentinel
 31474 | Elf:1    | Found Ennadeag's Assorted Antiques.
 31487 | Elf:1    | Bought a scroll of enchant weapon for 247 gold pieces
 31487 | Elf:1    | Bought a potion of heal wounds for 165 gold pieces
 31522 | Elf:1    | Received a gift from Okawaru
 31579 | Elf:1    | Found Tenou's Gadget Shop.
 31609 | Elf:1    | Found Izodghyf's Gadget Boutique.
 31833 | Elf:1    | Reached skill level 19 in Polearms
 32277 | Elf:2    | Reached XP level 18. HP: 117/155 MP: 21/26
 32363 | Elf:2    | Found Umoaw's Jewellery Shop.
 32380 | Elf:2    | Found Touclytu's Distillery.
 32494 | Elf:2    | Got a faintly glowing golden ring
 32504 | Elf:2    | Identified the ring of Jyrph {rCorr rElec rF+ MR+++ Dex+2} (You took it off a deep elf mage on level 2 of the Elven Halls)
 32563 | Elf:2    | Found Cerijoing's Book Emporium.
 32621 | Elf:2    | Found Fuerin's Distillery.
 32636 | Elf:2    | Bought a potion of heal wounds for 65 gold pieces
 32696 | Elf:2    | Found Myggomap's Weapon Emporium.
 32820 | Elf:2    | Bought a potion of might for 60 gold pieces
 32926 | Elf:2    | Found a runed gate.
 32928 | Elf:2    | Found a runed gate.
 32928 | Elf:2    | Found a runed gate.
 32993 | Elf:2    | Reached skill level 20 in Dodging
 33035 | Elf:2    | Noticed a quicksilver dragon
 33157 | Elf:2    | Noticed a deep elf blademaster
 33206 | Elf:2    | Killed a deep elf blademaster
 33206 | Elf:2    | Received a gift from Okawaru
 33225 | Elf:2    | Got a blackened halberd {god gift}
 33226 | Elf:2    | Identified the +1 halberd "Leviticus" {holy, +Rage Dex+2} (Okawaru gifted it to you on level 2 of the Elven Halls)
 33462 | Elf:2    | Reached skill level 18 in Fighting
 33572 | Elf:2    | Noticed Nikola
 33603 | Elf:2    | Reached skill level 20 in Polearms
 33638 | Elf:2    | Noticed Jorgrun
 33666 | Elf:2    | Killed Jorgrun
 34159 | Elf:2    | Killed Nikola
 34256 | Elf:3    | Entered Level 3 of the Elven Halls
 34587 | Elf:3    | Noticed Mara
 34613 | Elf:3    | Found Enwaj's Distillery.
 34629 | Elf:3    | Bought a potion of might for 76 gold pieces
 34629 | Elf:3    | Bought 2 potions of might for 152 gold pieces
 34769 | Elf:3    | Noticed a deep elf blademaster
 34776 | Elf:3    | Received a gift from Okawaru
 34808 | Elf:3    | Killed a deep elf blademaster
 35088 | Elf:3    | Noticed a deep elf blademaster
 35108 | Elf:3    | Killed a deep elf blademaster
 35118 | Elf:3    | Reached XP level 19. HP: 83/164 MP: 11/27
 35125 | Elf:3    | Reached skill level 21 in Dodging
 35349 | Elf:3    | Got a pitted quarterstaff {pain}
 35476 | Elf:3    | Reached skill level 21 in Polearms
 35631 | Elf:3    | Got a translucent plate armour
 35743 | Elf:3    | Got a twisted great mace {antimagic}
 36059 | Elf:3    | Got a pitted great sword {speed}
 36156 | Elf:3    | Identified the Incunabulum of Lethal Curses
 36182 | Elf:3    | Reached skill level 19 in Fighting
 36183 | Elf:3    | Identified the Incunabulum of the Supportive Glacier
 36189 | Elf:3    | Identified Xesequ's Disquisition on Enchantment and Calling
 36205 | Elf:3    | Learned a level 3 spell: Spectral Weapon
 36611 | Slime:1  | Entered Level 1 of the Pits of Slime
 37087 | Slime:5  | Entered Level 5 of the Pits of Slime
 37130 | Slime:4  | Received a gift from Okawaru
 37279 | Slime:3  | Reached skill level 22 in Dodging
 37731 | Slime:5  | Reached skill level 22 in Polearms
 37774 | Slime:5  | Reached XP level 20. HP: 173/174 MP: 24/28
 38312 | Slime:5  | Reached skill level 1 in Spellcasting
 38312 | Slime:5  | Reached skill level 1 in Hexes
 38312 | Slime:5  | Reached skill level 1 in Charms
 38312 | Slime:5  | Reached skill level 1 in Necromancy
 38540 | Slime:5  | Received a gift from Okawaru
 38545 | Slime:5  | Noticed the Royal Jelly
 38559 | Slime:4  | Reached skill level 2 in Hexes
 38559 | Slime:4  | Reached skill level 2 in Charms
 38564 | Slime:4  | Reached skill level 2 in Spellcasting
 38700 | Slime:5  | Found a viscous altar of Jiyva.
 38802 | Slime:5  | Killed the Royal Jelly
 38802 | Slime:5  | Reached skill level 3 in Spellcasting
 38802 | Slime:5  | Reached skill level 3 in Hexes
 38802 | Slime:5  | Reached skill level 3 in Charms
 38802 | Slime:5  | Reached skill level 2 in Necromancy
 39132 | Slime:5  | Got a faintly glowing tin ring
 39137 | Slime:5  | Identified the ring of Fanaticism {rC+ MR+} (You found it on level 5 of the Pits of Slime)
 39169 | Slime:5  | Got a crystal great sword
 39178 | Slime:5  | Got a vibrating lead ring
 39182 | Slime:5  | Got a slimy rune of Zot
 39192 | Slime:5  | Identified the ring of Benuenyu {AC+4 SInv} (You found it on level 5 of the Pits of Slime)
 39206 | Slime:5  | Identified the Compendium of the Creative Rocks
 39242 | Slime:5  | Got a brightly glowing ivory amulet
 39243 | Slime:5  | Identified the amulet "Wurr" {Spirit rC++} (You found it on level 5 of the Pits of Slime)
 39253 | Slime:5  | Got a polished plate armour
 39282 | Slime:5  | Identified the Collected Works on Evil and Self-Improvement
 39287 | Slime:5  | Identified the Almanac of the Unstable Mountains
 39474 | Spider:1 | Entered Level 1 of the Spider Nest
 39822 | Spider:1 | Reached skill level 4 in Hexes
 39963 | Spider:1 | Reached skill level 4 in Charms
 40352 | Spider:1 | Received a gift from Okawaru
 40354 | Spider:1 | Reached skill level 4 in Spellcasting
 41080 | Spider:3 | Reached skill level 5 in Hexes
 41488 | Spider:3 | Reached skill level 5 in Charms
 41820 | Spider:4 | Entered Level 4 of the Spider Nest
 41834 | Spider:4 | Reached skill level 5 in Spellcasting
 41922 | Spider:4 | Reached skill level 6 in Charms
 41924 | Spider:4 | Received a gift from Okawaru
 41981 | Spider:4 | Reached skill level 6 in Spellcasting
 41985 | Spider:4 | Got a faintly glowing plate armour {god gift}
 42219 | Spider:3 | Identified the +7 plate armour of the Harp {-Cast rPois Regen+ Slay-3} (Okawaru gifted it to you on level 4 of the Spider Nest)
 42255 | Spider:4 | Got a heavily runed buckler
 42479 | Spider:4 | Reached XP level 21. HP: 182/182 MP: 30/33
 42614 | Spider:4 | Reached skill level 9 in Invocations
 42780 | Spider:4 | Reached skill level 10 in Invocations
 42850 | Spider:4 | Got a gossamer rune of Zot
 43188 | Vaults:1 | Entered Level 1 of the Vaults
 43431 | Vaults:1 | Got a pair of ancient gloves
 43465 | Vaults:1 | Reached skill level 11 in Invocations
 43763 | Vaults:1 | Reached skill level 12 in Invocations
 43807 | Vaults:1 | Noticed Asterion
 43835 | Vaults:1 | Killed Asterion
 43882 | Vaults:1 | Reached skill level 13 in Invocations
 43893 | Vaults:1 | Received a gift from Okawaru
 43946 | Vaults:1 | Found Batixzuro's Antique Weapon Boutique.
 44161 | Vaults:1 | Got a twisted scimitar {holy}
 44204 | Vaults:1 | Identified the +2 pair of gloves "Xeycrate" {rPois Int+2} (You found it on level 1 of the Vaults)
 44282 | Vaults:1 | Got a brightly glowing morningstar
 44619 | Vaults:1 | Reached skill level 20 in Fighting
 44872 | Vaults:2 | Found Riasycim's Distillery.
 44880 | Vaults:2 | Bought 2 potions of experience for 1500 gold pieces
 44890 | Vaults:2 | Found Nekoboos's Jewellery Emporium.
 44970 | Vaults:2 | Found Isetiuc's Armour Shoppe.
 44995 | Vaults:2 | Found Veish's Gadget Shop.
 45032 | Vaults:2 | Reached skill level 23 in Dodging
 45043 | Vaults:2 | Received a gift from Okawaru
 45049 | Vaults:2 | Reached XP level 22. HP: 187/190 MP: 33/35
 45051 | Vaults:2 | Reached XP level 23. HP: 188/198 MP: 32/36
 45052 | Vaults:2 | Reached XP level 24. HP: 176/206 MP: 30/36
 45514 | Vaults:2 | Reached skill level 21 in Fighting
 45642 | Vaults:2 | Found a staircase to the Crypt.
 45719 | Vaults:2 | Reached skill level 24 in Dodging
 46233 | Vaults:2 | Received a gift from Okawaru
 47755 | Vaults:4 | Reached skill level 25 in Dodging
 47931 | Vaults:4 | Reached skill level 22 in Fighting
 48919 | Vaults:4 | Reached XP level 25. HP: 176/217 MP: 32/36
 49155 | Vaults:4 | Received a gift from Okawaru
 49469 | Vaults:4 | Got a transparent rapier {god gift}
 49680 | Vaults:5 | Entered Level 5 of the Vaults
 49698 | Vaults:5 | Reached skill level 26 in Dodging
 49699 | Vaults:5 | Reached skill level 23 in Fighting
 49732 | Vaults:5 | Received a gift from Okawaru
 50224 | Vaults:5 | Got a scorched arbalest
 50325 | Vaults:5 | Reached skill level 27 in Dodging
 50633 | Vaults:5 | Reached skill level 24 in Fighting
 50633 | Vaults:5 | Reached XP level 26. HP: 231/231 MP: 32/36
 50746 | Vaults:5 | Got a brightly glowing chain mail
 50804 | Vaults:5 | Identified the +5 chain mail of Life {rPois rF+ Str-3 Dex+3} (You found it on level 5 of the Vaults)
 50871 | Vaults:5 | Received a gift from Okawaru
 50875 | Vaults:5 | Got a polished plate armour {god gift}
 50876 | Vaults:5 | Identified the +8 plate armour of Ungaumets {+Inv Int+3 Dex-3 SInv} (Okawaru gifted it to you on level 5 of the Vaults)
 51045 | Vaults:5 | Learned a level 3 spell: Ozocubu's Armour
 51564 | Vaults:5 | Reached skill level 25 in Fighting
 51587 | Vaults:5 | Identified the Disquisition on the Blaze and the Entourage
 51607 | Vaults:5 | Got a silver rune of Zot
 51801 | Vaults:5 | Got a smoking hunting sling
 52104 | Depths:1 | Entered Level 1 of the Depths
 52511 | Depths:1 | Received a gift from Okawaru
 52581 | Depths:1 | Noticed Margery
 52592 | Depths:1 | Killed Margery
 52733 | Depths:1 | Reached skill level 26 in Fighting
 52807 | Depths:1 | Found a gateway to Hell.
 52814 | Depths:1 | Found a one-way gate leading to the halls of Pandemonium.
 53334 | Depths:2 | Noticed Sojobo
 53346 | Depths:2 | Killed Sojobo
 53792 | Depths:2 | Reached XP level 27. HP: 226/247 MP: 33/36
 53878 | Depths:2 | Found a runed gate.
 53878 | Depths:2 | Found a runed gate.
 53878 | Depths:2 | Found a runed gate.
 53944 | Depths:2 | Reached skill level 27 in Fighting
 54154 | Depths:2 | Found a runed gate.
 54154 | Depths:2 | Found a runed gate.
 54154 | Depths:2 | Found a runed gate.
 54386 | Depths:2 | Reached skill level 7 in Spellcasting
 54394 | Depths:2 | Received a gift from Okawaru
 54558 | Depths:2 | Reached skill level 8 in Spellcasting
 54875 | Depths:3 | Found a gateway to a ziggurat.
 54949 | Depths:3 | Reached skill level 9 in Spellcasting
 55027 | Depths:3 | Noticed the Enchantress
 55033 | Depths:3 | Noticed Jory
 55054 | Depths:3 | Reached skill level 10 in Spellcasting
 55375 | Depths:3 | Reached skill level 11 in Spellcasting
 55376 | Depths:3 | Killed the Enchantress
 55409 | Depths:3 | Got faerie dragon scales
 55746 | Depths:2 | Identified the +2 faerie dragon scales {+Inv rPois MR- rCorr} (You took it off the Enchantress on level 3 of the Depths)
 55796 | Depths:3 | Killed Jory
 55838 | Depths:3 | Reached skill level 12 in Spellcasting
 56023 | Depths:3 | Reached skill level 13 in Spellcasting
 56192 | Depths:3 | Reached skill level 14 in Spellcasting
 56366 | Depths:3 | Received a gift from Okawaru
 56465 | Depths:3 | Found Errouth's Assorted Antiques.
 56465 | Depths:3 | Found Guinui's Food Boutique.
 56519 | Depths:3 | Found Icsoetso's Antique Armour Shop.
 56521 | Depths:3 | Found Worypny's Distillery.
 56538 | Depths:3 | Bought a potion of heal wounds for 100 gold pieces
 56538 | Depths:3 | Bought a potion of heal wounds for 100 gold pieces
 56724 | Depths:3 | Reached skill level 23 in Polearms
 57026 | Zig:1    | Entered Level 1 of a ziggurat
 57050 | Zig:2    | Entered Level 2 of a ziggurat
 57070 | Zig:3    | Entered Level 3 of a ziggurat
 57074 | Zig:3    | Reached skill level 1 in Evocations
 57092 | Zig:3    | Got a jewelled chain mail
 57093 | Zig:3    | Identified the cursed +0 chain mail of the Guardian {MR+ Str+3 Slay+6 Stlth+} (You found it on level 3 of a ziggurat)
 57099 | Zig:3    | Got an ancient leather armour
 57103 | Zig:3    | Identified the +1 leather armour of the Maze {MP-9 Str+8} (You found it on level 3 of a ziggurat)
 57108 | Zig:4    | Entered Level 4 of a ziggurat
 57128 | Zig:4    | Reached skill level 2 in Evocations
 57157 | Zig:4    | Reached skill level 3 in Evocations
 57178 | Zig:4    | Identified Korasucw's Reference Book on Quantum Aid
 57181 | Zig:4    | Got a brightly glowing dire flail
 57187 | Zig:4    | Learned a level 1 spell: Apportation
 57273 | Zig:5    | Entered Level 5 of a ziggurat
 57288 | Zig:5    | Reached skill level 4 in Evocations
 57332 | Zig:5    | Reached skill level 5 in Evocations
 57604 | Zig:6    | Entered Level 6 of a ziggurat
 57656 | Zig:6    | Got a slimy lajatang
 57658 | Zig:6    | Got a smoking morningstar
 57691 | Zig:7    | Entered Level 7 of a ziggurat
 57696 | Zig:7    | Noticed a juggernaut
 57710 | Zig:7    | Killed a juggernaut
 57710 | Zig:7    | Reached skill level 6 in Evocations
 57736 | Zig:7    | Reached skill level 7 in Evocations
 57764 | Zig:7    | Got a coiled iron ring
 57783 | Zig:8    | Entered Level 8 of a ziggurat
 57848 | Zig:8    | Reached skill level 8 in Evocations
 58225 | Zig:8    | Got a steaming diamond amulet
 58231 | Zig:8    | Got a slimy robe
 58233 | Zig:8    | Got a flickering golden amulet
 58235 | Zig:8    | Got a jewelled halberd
 58253 | Zig:9    | Entered Level 9 of a ziggurat
 58259 | Zig:9    | Noticed an ancient lich
 58282 | Zig:9    | Reached skill level 9 in Evocations
 58295 | Zig:9    | Killed an ancient lich
 58305 | Zig:9    | Reached skill level 10 in Evocations
 58321 | Zig:9    | Got a fine scale mail
 58345 | Zig:9    | Identified the amulet of Weosaet {Reflect +Fly Int+3 SH+3} (You found it on level 8 of a ziggurat)
 58392 | Zig:10   | Entered Level 10 of a ziggurat
 58420 | Zig:10   | Noticed a juggernaut
 58428 | Zig:10   | Killed a juggernaut
 58439 | Zig:10   | Noticed a juggernaut
 58453 | Zig:10   | Killed a juggernaut
 58453 | Zig:10   | Reached skill level 11 in Evocations
 58499 | Zig:10   | Reached skill level 12 in Evocations
 58501 | Zig:10   | Got a steaming arbalest
 58519 | Zig:10   | Learned a level 6 spell: Deflect Missiles
 58530 | Zig:11   | Entered Level 11 of a ziggurat
 58566 | Zig:11   | Reached skill level 1 in Air Magic
 58611 | Zig:11   | Reached skill level 7 in Charms
 58611 | Zig:11   | Reached skill level 2 in Air Magic
 58728 | Zig:11   | Learned a level 2 spell: Swiftness
 58744 | Zig:11   | Identified the ring "Xesudoj" {Ice Str+2 Stlth+} (You found it on level 7 of a ziggurat)
 58780 | Zig:12   | Entered Level 12 of a ziggurat
 58803 | Zig:12   | Reached skill level 3 in Air Magic
 58812 | Zig:12   | Received a gift from Okawaru
 58832 | Zig:12   | Reached skill level 8 in Charms
 59365 | Vaults:2 | Bought the ring "Plog" {Wiz +Inv rN+ Dex+6} for 1276 gold pieces
 59371 | Vaults:2 | Identified the amulet of Day {Spirit rF+ Slay+3} (You found it on level 8 of a ziggurat)
 59429 | Crypt:1  | Entered Level 1 of the Crypt
 59536 | Crypt:1  | Noticed Aizul
 59549 | Crypt:1  | Killed Aizul
 59571 | Crypt:1  | HP: 62/249 [??? (36)]
 59956 | Crypt:1  | Noticed Mennas
 59987 | Vaults:2 | Reached skill level 9 in Charms
 60003 | Vaults:2 | Reached skill level 4 in Air Magic
 60389 | Depths:4 | Received a gift from Okawaru
 60389 | Depths:4 | Reached skill level 10 in Charms
 60506 | Depths:4 | Reached skill level 5 in Air Magic
 60535 | Depths:4 | HP: 60/249 [stone giant (27)]
 60548 | Depths:4 | Reached skill level 11 in Charms
 60618 | Depths:4 | Reached skill level 6 in Air Magic
 60646 | Depths:4 | Found a corrupted altar of Lugonu.
 60647 | Depths:4 | Found a one-way gate to the infinite horrors of the Abyss.
 60673 | Depths:4 | Found a magical portal.
 60678 | WizLab   | Entered The Hall of the Hellbinder
 60828 | WizLab   | Reached skill level 12 in Charms
 61370 | WizLab   | Identified the cursed +3 lajatang "Elirch Syclu" {speed, rElec rF+++ MP+9 Int-4} (You found it on level 6 of a ziggurat)
 61552 | WizLab   | Found a burning altar of Makhleb.
 61577 | WizLab   | Identified the Disquisition on the Entourage
 61600 | WizLab   | Identified the Incunabulum of Good Intentions
 61695 | Depths:4 | Learned a level 9 spell: Dragon's Call
 61731 | Depths:4 | Reached skill level 1 in Summonings
 61777 | Depths:4 | Reached skill level 2 in Summonings
 61964 | Depths:4 | Reached skill level 3 in Summonings
 62107 | Depths:4 | Reached skill level 4 in Summonings
 62117 | Depths:4 | Got a transparent leather armour
 62132 | Depths:4 | Got a clouded lapis lazuli ring
 62133 | Depths:4 | Found a white marble altar of Elyvilon.
 62168 | Depths:4 | Got an encrusted plate armour {god gift}
 62203 | Depths:4 | Found a sacrificial altar of Ru.
 62204 | Depths:4 | Found a sparkling altar of Nemelex Xobeh.
 62224 | Depths:4 | Found an iron altar of Okawaru.
 62452 | Depths:4 | Reached skill level 5 in Summonings
 62459 | Depths:5 | Entered Level 5 of the Depths
 62542 | Depths:5 | Reached skill level 6 in Summonings
 62623 | Depths:5 | Reached skill level 7 in Summonings
 62653 | Depths:5 | Reached skill level 8 in Summonings
 62955 | Depths:5 | Found Fiuforib's Weapon Shop.
 63052 | Depths:5 | Reached skill level 9 in Summonings
 63053 | Depths:5 | Found a gate to the Realm of Zot.
 63173 | Depths:5 | Reached skill level 10 in Summonings
 63226 | Depths:5 | Found Dasysan's Weapon Emporium.
 63232 | Depths:5 | Found Kehuruev's Jewellery Boutique.
 63402 | Depths:5 | Found Taboduff's Antique Armour Emporium.
 63422 | Depths:5 | Noticed Frederick
 63441 | Depths:5 | Killed Frederick
 63629 | Depths:4 | Reached skill level 11 in Summonings
 63643 | Depths:4 | Learned a level 4 spell: Summon Lightning Spire
 63651 | Depths:4 | Learned a level 7 spell: Summon Hydra
 63896 | Swamp:1  | Learned a level 6 spell: Shadow Creatures
 63902 | Swamp:1  | Learned a level 5 spell: Aura of Abjuration
 64209 | Zot:1    | Entered Level 1 of the Realm of Zot
 64590 | Zot:1    | Reached skill level 12 in Summonings
 64620 | Zot:1    | Received a gift from Okawaru
 64844 | Zot:1    | Got a slimy large shield {god gift}
 64993 | Zot:1    | Reached skill level 13 in Summonings
 65110 | Zot:1    | Reached skill level 14 in Summonings
 65324 | Zot:1    | Noticed an orb of fire
 65345 | Zot:1    | Gained mutation: You possess an exceptional clarity of mind. [an orb of fire]
 65353 | Zot:1    | Killed an orb of fire
 65575 | Zot:2    | Reached skill level 15 in Summonings
 66117 | Zot:3    | Received a gift from Okawaru
 66436 | Zot:3    | Reached skill level 16 in Summonings
 66599 | Zot:3    | Noticed an orb of fire
 66615 | Zot:3    | Killed an orb of fire
 66665 | Zot:3    | Received a gift from Okawaru
 66668 | Zot:3    | Reached skill level 17 in Summonings
 66902 | Zot:3    | Identified the ring "Woumisah" {rC- MP+9 Int+4 Slay+5} (You took it off a tengu warrior on level 4 of the Depths)
 67104 | Zot:3    | Reached skill level 15 in Spellcasting
 67114 | Zot:3    | Got a pair of heavily runed gloves
 67127 | Zot:3    | Identified the +0 pair of gloves of a bailey {Slay+6} (You found it on level 3 of the Realm of Zot)
 68372 | Zot:5    | Entered Level 5 of the Realm of Zot
 68531 | Zot:4    | Reached skill level 18 in Summonings
 68645 | Zot:5    | HP: 62/249 [electric golem (4)]
 68648 | Zot:5    | HP: 29/249 [??? (18)]
 68653 | Zot:5    | HP: 39/249 [death cob (2)]
 68657 | Zot:5    | HP: 14/249 [death cob (13)]
 68657 | Zot:5    | Slain by an electric golem

Vault maps used:
D:1:      lightli_arrival_statue_moat
D:2:      minmay_pentomino_o4, uniq_terence, uniq_robin
D:3:      makhleb_altar_promises_db
D:4:      tgw_sif, dancing_weapons_uskayaw, minivault_25,
          kennysheep_slug_shrine, uniq_eustachio
D:5:      minmay_temple_entry_mist, serial_shops, shop, first_bread, uniq_ijyb
D:6:      nicolae_overflow_crystal_walls, uniq_menkaure
D:7:      nicolae_qazlal_style_of_elements, uniq_prince_ribbit1
D:8:      kennysheep_mini_moat, amethyst_overflow_temple_binary,
          nicolae_ossuary_entry_plus, hangedman_pestilent_swarm
D:9:      good_gods_mini_temple, lemuel_crystal_altar, marbit_many_paths,
          serial_shops, shop, grunt_decor_arrowhead
D:11:     lair_entry_dummy, orc_david_3, serial_shops, shop_fountains
D:13:     hangedman_vaults_entry_quadrant_bands, uniq_sonja
D:14:     xom_redecorated, minmay_ruined_shrine, uniq_roxanne
D:15:     grunt_enter_depths_hoard, hangedman_abyss_or_decor_passed
Temple:   kb_temple_of_zot
Lair:1:   minmay_lair_oklob_chamber
Lair:2:   serial_bayou_pond_b, grunt_megastairs_3, uniq_fannar, uniq_nergalle
Lair:3:   swamp_mist, roderic_batcave, grunt_megastairs_5, serial_bayou_shore_a,
          lemuel_fruit_tree
Lair:4:   spider_nest_entry_web_field, portal_ice_cave_rime, special_room,
          minivault_27, serial_bayou_ford_a, roderic_carrion_pond,
          uniq_josephine, uniq_harold
Lair:5:   grunt_megastairs_1, uniq_rupert
Lair:6:   gammafunk_lair_ancient_temple, slime_dummy,
          hangedman_lair_unloving_vines
Swamp:1:  infiniplex_staircase_pool_2, swamp_pool1
Swamp:2:  evilmike_swamp_ruin_rubble_2, uniq_kirke
Swamp:3:  evilmike_swamp_ruin_house_4, swamp_pool3
Swamp:4:  swamp_alternative
Spider:3: hangedman_spider_mandibles
Spider:4: grunt_spider_rune_circles
Orc:1:    trog_hazing_becter
Orc:2:    grunt_orc_tribal_feast, serial_shops, shop, mines4_lemuel
Elf:1:    serial_shops, shop, nicolae_shop_overgrown_old_shop,
          nicolae_shop_stone, shop, shop, hangedman_elf_represent
Elf:2:    serial_shops, nicolae_shop_crystal, shop, nicolae_shop_crystal, shop,
          nicolae_shop_trees, uniq_nikola, uniq_jorgrun, uniq_saint_roka
Elf:3:    elf_hall, serial_shops, nicolae_shop_waterfront, uniq_mara
Vaults:1: vaults_dpeg_hooks, v_misc_23, vaults_room_pool,
          nicolae_vaults_little_squares_4, nicolae_vaults_border_crossing,
          vaults_room_corners, nicolae_vaults_hallways_thing,
          ontoclasm_vaults_fault, grunt_vaults_swirl,
          nicolae_vaults_lopsided_apartments, vaults_mumra_hexcomb,
          vaults_room_grid, nicolae_vaults_three_branches,
          nicolae_vaults_angled_halls, vaults_room_hallway, serial_shops, shop,
          uniq_asterion
Vaults:2: nicolae_vaults_octagons, hangedman_vaults_locks, v_misc_26,
          vaults_room_fours, nicolae_vaults_triangles, vaults_dpeg_cross,
          minmay_crypt_entry_nasty_monster, hangedman_vaults_stretched_pinwheel,
          nicolae_vaults_back_hallway, nicolae_vaults_mini_display_case,
          serial_shops, shop, shop, nicolae_shop_crystal,
          nicolae_shop_statue_plus
Vaults:3: hangedman_vaults_nodes, ontoclasm_vaults_shout, v_rooms_3,
          vaults_standard_mumra_enter_the_diamond, vaults_standard_mumra_x,
          v_alt_pattern_1
Vaults:4: nicolae_vaults_meeting, hangedman_vaults_slither,
          vaults_dpeg_diagonal, v_rooms_4, ontoclasm_vaults_eye, v_misc_22,
          vaults_mumra_minichess_inversion, nicolae_vaults_little_squares_2,
          nicolae_vaults_network_s, vaults_room_corners, vaults_room_door_ring,
          grunt_vaults_diagonal
Vaults:5: serial_shops
Crypt:1:  nicolae_crypt_ancient_font, grunt_crypt_arrival_guarded_gate,
          uniq_khufu, uniq_mennas, uniq_aizul
Depths:1: kennysheep_minor_cross, grunt_metal_band, pan_entry,
          minmay_liquid_box, kennysheep_small_spiral, kennysheep_nub,
          hangedman_decor_opposing, hangedman_abyss_or_decor_slice,
          due_unseen_surprise
Depths:2: kennysheep_treasure_stockpile, hangedman_abyss_or_decor_clamps,
          hell_entry, infiniplex_staircase_pillars_1, uniq_sojobo
Depths:3: minmay_skeleton_keep, enter_ziggurat_b, hangedman_decor_points,
          hangedman_coc_ice_floe, pan_entry, infiniplex_staircase_star,
          minmay_shoptagon, uniq_enchantress, uniq_jory
Depths:4: minmay_the_grid_octo_tiled_octocenter, infiniplex_staircase_x,
          mu_enter_wizlab_2, grunt_hell_entry_dis_old, abyss_entry_flame_altar,
          serial_bayou_shore_b
Depths:5: grunt_zot_entry_gee_three, hell_entry, serial_bayou_lagoon_a,
          serial_shops, shop, nicolae_shop_crystal, shop,
          nicolae_shop_behind_doors, uniq_frederick
Zot:1:    grunt_zot_stairs_faceoff
Zot:3:    minmay_elemental_castle
Zot:5:    basic_stair_grate_trap
Zig:4:    ziggurat_pillar_centre_oklobs
Zig:7:    ziggurat_pillar_centre_c
Zig:12:   ziggurat_pillar_centre_smoke
Ossuary:  ossuary_minmay_four_chambers
IceCv:    ice_cave_statue_garden_teleport
WizLab:   wizlab_demon

Skill      XL: |  1  2  3  4  5  6  7  8  9 10 11 12 13 14 15 16 17 18 19 20 21 22 23 24 25 26 27 |
---------------+----------------------------------------------------------------------------------+-----
Polearms       | 1 2 3 4 7 10 13 15 16 17 18 19 20 22 23 | 23.3
Fighting       | 3 4 6 8 10 12 14 16 17 18 19 20 22 24 26 27 | 27.0
Dodging        | 3 4 7 10 11 14 16 18 19 20 22 23 25 27 | 27.0
Invocations    | 2 5 8 13 | 13.3
Shields        | 4 |  4.0
Stealth        | 3 7 |  7.5
Armour         | 7 10 | 10.7
Spellcasting   | 6 15 | 15.4
Hexes          | 5 |  5.0
Charms         | 6 12 | 12.9
Necromancy     | 2 |  2.6
Evocations     | 12 | 12.4
Air Magic      | 6 |  6.7
Summonings     | 18 | 18.0
Short Blades   | |  2.4
Unarmed Combat | |  2.1

Action                   |  1- 3 |  4- 6 |  7- 9 | 10-12 | 13-15 | 16-18 | 19-21 | 22-24 | 25-27 || total
-------------------------+-------+-------+-------+-------+-------+-------+-------+-------+-------++-------
Melee: Short sword       |    99 |   142 |       |       |       |       |       |       |       ||   241
       Unarmed           |       |     9 |       |       |       |       |       |       |       ||     9
       Halberd           |       |   106 |   392 |   491 |       |       |       |       |       ||   989
       Trident           |       |       |       |   345 |  1556 |  1628 |   238 |       |       ||  3767
       Tailslap          |       |       |       |       |     9 |    75 |       |       |     1 ||    85
       Bardiche          |       |       |       |       |       |       |  1313 |   707 |  3092 ||  5112
       Quarterstaff      |       |       |       |       |       |       |       |       |     2 ||     2
 Cast: Regeneration      |       |       |       |       |       |       |     1 |     2 |    53 ||    56
       Spectral Weapon   |       |       |       |       |       |       |     5 |       |    90 ||    95
       Shadow Creatures  |       |       |       |       |       |       |       |       |    39 ||    39
       Deflect Missiles  |       |       |       |       |       |       |       |       |     2 ||     2
       Summon Hydra      |       |       |       |       |       |       |       |       |     1 ||     1
Invok: Heroism           |       |       |     1 |    12 |    37 |    39 |    58 |    19 |   107 ||   273
       Finesse           |       |       |       |       |       |     4 |     3 |       |    10 ||    17
Evoke: Wand              |       |       |     1 |     4 |     4 |     3 |     8 |     1 |    26 ||    47
       Sack of spiders   |       |       |       |     4 |     1 |       |       |       |       ||     5
       Lamp of fire      |       |       |       |       |       |       |       |       |     4 ||     4
       Phial of floods   |       |       |       |       |       |       |       |       |     1 ||     1
  Use: Potion            |     1 |     1 |     2 |     4 |     8 |     1 |     7 |     2 |    23 ||    49
       Scroll            |       |     7 |    12 |    11 |     9 |    11 |    18 |     2 |    39 ||   109
 Stab: Sleeping          |       |     2 |     1 |     4 |     3 |    28 |    25 |    18 |    28 ||   109
       Distracted        |       |       |       |     1 |     5 |     5 |     9 |     2 |    31 ||    53
       Invisible         |       |       |       |       |     9 |       |       |       |    43 ||    52
       Confused          |       |       |       |       |     6 |     3 |       |       |    14 ||    23
  Eat: Chunk             |     1 |     9 |     6 |     7 |    20 |    13 |     3 |    14 |    14 ||    87
       Bread ration      |       |       |     1 |     4 |     3 |     5 |     4 |       |     6 ||    23
       Meat ration       |       |       |     1 |       |       |       |     2 |       |     9 ||    12
       Royal jelly       |       |       |       |       |     1 |       |       |       |     3 ||     4
Armor: Robe              |     2 |       |       |       |       |       |       |       |       ||     2
       Leather armour    |     9 |    47 |    76 |    63 |   108 |    29 |       |       |       ||   332
       Troll leather arm |       |       |       |    17 |       |       |       |       |       ||    17
       Swamp dragon scal |       |       |       |       |       |   133 |   338 |   146 |   300 ||   917
       Chain mail        |       |       |       |       |       |       |       |       |    27 ||    27
       Acid dragon scale |       |       |       |       |       |       |       |       |   430 ||   430
Dodge: Dodged            |    53 |   159 |   167 |   381 |  1002 |  1032 |  1450 |   829 |  3539 ||  8612
       Deflected         |       |       |       |       |       |       |       |       |    17 ||    17
Block: Buckler           |       |       |       |    45 |   314 |   324 |    23 |       |       ||   706

Vault maps used:
D:1:      lightli_arrival_statue_moat
D:2:      minmay_pentomino_o4, uniq_terence, uniq_robin
D:3:      makhleb_altar_promises_db
D:4:      tgw_sif, dancing_weapons_uskayaw, minivault_25,
          kennysheep_slug_shrine, uniq_eustachio
D:5:      minmay_temple_entry_mist, serial_shops, shop, first_bread, uniq_ijyb
D:6:      nicolae_overflow_crystal_walls, uniq_menkaure
D:7:      nicolae_qazlal_style_of_elements, uniq_prince_ribbit1
D:8:      kennysheep_mini_moat, amethyst_overflow_temple_binary,
          nicolae_ossuary_entry_plus, hangedman_pestilent_swarm
D:9:      good_gods_mini_temple, lemuel_crystal_altar, marbit_many_paths,
          serial_shops, shop, grunt_decor_arrowhead
D:11:     lair_entry_dummy, orc_david_3, serial_shops, shop_fountains
D:13:     hangedman_vaults_entry_quadrant_bands, uniq_sonja
D:14:     xom_redecorated, minmay_ruined_shrine, uniq_roxanne
D:15:     grunt_enter_depths_hoard, hangedman_abyss_or_decor_passed
Temple:   kb_temple_of_zot
Lair:1:   minmay_lair_oklob_chamber
Lair:2:   serial_bayou_pond_b, grunt_megastairs_3, uniq_fannar, uniq_nergalle
Lair:3:   swamp_mist, roderic_batcave, grunt_megastairs_5, serial_bayou_shore_a,
          lemuel_fruit_tree
Lair:4:   spider_nest_entry_web_field, portal_ice_cave_rime, special_room,
          minivault_27, serial_bayou_ford_a, roderic_carrion_pond,
          uniq_josephine, uniq_harold
Lair:5:   grunt_megastairs_1, uniq_rupert
Lair:6:   gammafunk_lair_ancient_temple, slime_dummy,
          hangedman_lair_unloving_vines
Swamp:1:  infiniplex_staircase_pool_2, swamp_pool1
Swamp:2:  evilmike_swamp_ruin_rubble_2, uniq_kirke
Swamp:3:  evilmike_swamp_ruin_house_4, swamp_pool3
Swamp:4:  swamp_alternative
Spider:3: hangedman_spider_mandibles
Spider:4: grunt_spider_rune_circles
Orc:1:    trog_hazing_becter
Orc:2:    grunt_orc_tribal_feast, serial_shops, shop, mines4_lemuel
Elf:1:    serial_shops, shop, nicolae_shop_overgrown_old_shop,
          nicolae_shop_stone, shop, shop, hangedman_elf_represent
Elf:2:    serial_shops, nicolae_shop_crystal, shop, nicolae_shop_crystal, shop,
          nicolae_shop_trees, uniq_nikola, uniq_jorgrun, uniq_saint_roka
Elf:3:    elf_hall, serial_shops, nicolae_shop_waterfront, uniq_mara
Vaults:1: vaults_dpeg_hooks, v_misc_23, vaults_room_pool,
          nicolae_vaults_little_squares_4, nicolae_vaults_border_crossing,
          vaults_room_corners, nicolae_vaults_hallways_thing,
          ontoclasm_vaults_fault, grunt_vaults_swirl,
          nicolae_vaults_lopsided_apartments, vaults_mumra_hexcomb,
          vaults_room_grid, nicolae_vaults_three_branches,
          nicolae_vaults_angled_halls, vaults_room_hallway, serial_shops, shop,
          uniq_asterion
Vaults:2: nicolae_vaults_octagons, hangedman_vaults_locks, v_misc_26,
          vaults_room_fours, nicolae_vaults_triangles, vaults_dpeg_cross,
          minmay_crypt_entry_nasty_monster, hangedman_vaults_stretched_pinwheel,
          nicolae_vaults_back_hallway, nicolae_vaults_mini_display_case,
          serial_shops, shop, shop, nicolae_shop_crystal,
          nicolae_shop_statue_plus
Vaults:3: hangedman_vaults_nodes, ontoclasm_vaults_shout, v_rooms_3,
          vaults_standard_mumra_enter_the_diamond, vaults_standard_mumra_x,
          v_alt_pattern_1
Vaults:4: nicolae_vaults_meeting, hangedman_vaults_slither,
          vaults_dpeg_diagonal, v_rooms_4, ontoclasm_vaults_eye, v_misc_22,
          vaults_mumra_minichess_inversion, nicolae_vaults_little_squares_2,
          nicolae_vaults_network_s, vaults_room_corners, vaults_room_door_ring,
          grunt_vaults_diagonal
Vaults:5: serial_shops
Crypt:1:  nicolae_crypt_ancient_font, grunt_crypt_arrival_guarded_gate,
          uniq_khufu, uniq_mennas, uniq_aizul
Depths:1: kennysheep_minor_cross, grunt_metal_band, pan_entry,
          minmay_liquid_box, kennysheep_small_spiral, kennysheep_nub,
          hangedman_decor_opposing, hangedman_abyss_or_decor_slice,
          due_unseen_surprise
Depths:2: kennysheep_treasure_stockpile, hangedman_abyss_or_decor_clamps,
          hell_entry, infiniplex_staircase_pillars_1, uniq_sojobo
Depths:3: minmay_skeleton_keep, enter_ziggurat_b, hangedman_decor_points,
          hangedman_coc_ice_floe, pan_entry, infiniplex_staircase_star,
          minmay_shoptagon, uniq_enchantress, uniq_jory
Depths:4: minmay_the_grid_octo_tiled_octocenter, infiniplex_staircase_x,
          mu_enter_wizlab_2, grunt_hell_entry_dis_old, abyss_entry_flame_altar,
          serial_bayou_shore_b
Depths:5: grunt_zot_entry_gee_three, hell_entry, serial_bayou_lagoon_a,
          serial_shops, shop, nicolae_shop_crystal, shop,
          nicolae_shop_behind_doors, uniq_frederick
Zot:1:    grunt_zot_stairs_faceoff
Zot:3:    minmay_elemental_castle
Zot:5:    basic_stair_grate_trap
Zig:4:    ziggurat_pillar_centre_oklobs
Zig:7:    ziggurat_pillar_centre_c
Zig:12:   ziggurat_pillar_centre_smoke
Ossuary:  ossuary_minmay_four_chambers
IceCv:    ice_cave_statue_garden_teleport
WizLab:   wizlab_demon

Table legend:
 A = Turns spent in this place as a percentage of turns spent in the entire game.
 B = Non-inter-level travel turns spent in this place as a percentage of non-inter-level travel turns spent in the entire game.
 C = Inter-level travel turns spent in this place as a percentage of turns spent in this place.
 D = Turns resting spent in this place as a percentage of non-inter-level travel turns spent in this place.
 E = Turns spent auto-exploring this place as a percentage of non-inter-level travel turns spent in this place.
 F = Non-inter-level travel turns spent in this place divided by the number of levels of this place that you've seen.
                   A       B       C       D       E      F
               +-------+-------+-------+-------+-------+----------------------
         Total | 100.0 | 100.0 |   0.6 |   2.2 |   8.2 | 358.0
       Dungeon |  20.0 |  20.0 |   0.7 |   2.7 |   9.8 | 338.8
        Temple |   0.1 |   0.1 |   3.8 |   0.0 |  20.0 |  25.0
          Lair |   8.1 |   8.0 |   0.9 |   0.8 |   7.9 | 340.2
         Swamp |   5.6 |   5.5 |   1.5 |   1.5 |  19.3 | 352.0
   Spider Nest |   5.0 |   5.0 |   0.5 |   1.3 |   7.4 | 316.0
    Slime Pits |   5.2 |   5.2 |   0.4 |   4.1 |   0.4 | 264.6
  Orcish Mines |   3.5 |   3.5 |   0.4 |   1.7 |  10.7 | 449.0
   Elven Halls |  10.0 |  10.0 |   0.5 |   2.0 |   6.5 | 849.7
        Vaults |  16.4 |  16.4 |   0.4 |   1.9 |   9.0 | 834.8
         Crypt |   0.3 |   0.3 |   0.0 |   2.4 |   2.4 |  83.0
        Depths |  13.1 |  13.1 |   0.4 |   2.5 |   7.5 | 664.6
           Zot |   6.2 |   6.3 |   0.3 |   2.4 |   7.8 | 317.8
      Ziggurat |   4.2 |   4.2 |   0.0 |   2.5 |   0.3 |  88.5
       Ossuary |   0.6 |   0.6 |   0.0 |   0.0 |   7.3 | 165.0
      Ice Cave |   0.5 |   0.5 |   0.0 |   9.5 |   1.7 | 116.0
        Wizlab |   1.2 |   1.2 |   0.0 |   3.5 |   5.1 | 315.0
               +-------+-------+-------+-------+-------+----------------------

Table legend:
 A = Kills in this place as a percentage of kills in entire the game.
 B = Kills by you in this place as a percentage of kills by you in the entire game.
 C = Kills by friends in this place as a percentage of kills by friends in the entire game.
 D = Other kills in this place as a percentage of other kills in the entire game.
 E = Experience gained in this place as a percentage of experience gained in the entire game.
 F = Experience gained in this place divided by the number of levels of this place that you have seen.
                   A       B       C       D       E      F
               +-------+-------+-------+-------+-------+----------------------
         Total | 100.0 | 100.0 | 100.0 | 100.0 | 100.0 | 23787.8
       Dungeon |  17.3 |  17.3 |   9.1 |  21.7 |   3.8 | 4288.8
          Lair |   9.0 |   9.1 |   0.0 |   8.7 |   4.0 | 11384.7
         Swamp |   4.4 |   4.4 |   0.0 |   4.3 |   3.4 | 14260.8
   Spider Nest |   6.4 |   6.5 |   0.0 |   0.0 |   4.1 | 17354.2
    Slime Pits |   3.6 |   3.7 |   0.0 |   0.0 |   5.1 | 17233.6
  Orcish Mines |   5.1 |   5.1 |   0.0 |   4.3 |   1.2 | 9722.0
   Elven Halls |   7.1 |   7.2 |   0.0 |   8.7 |   8.7 | 48855.3
        Vaults |  21.6 |  21.7 |   4.5 |  21.7 |  25.8 | 87225.8
         Crypt |   0.2 |   0.2 |   0.0 |   0.0 |   0.3 | 4845.0
        Depths |  13.7 |  13.8 |   4.5 |   4.3 |  22.3 | 75473.2
           Zot |   4.8 |   4.3 |  77.3 |   0.0 |  12.3 | 41546.6
      Ziggurat |   5.0 |   4.9 |   4.5 |  21.7 |   7.7 | 10776.2
       Ossuary |   0.6 |   0.6 |   0.0 |   0.0 |   0.1 | 847.0
      Ice Cave |   0.4 |   0.3 |   0.0 |   4.3 |   0.1 | 2489.0
        Wizlab |   0.8 |   0.8 |   0.0 |   0.0 |   1.1 | 18932.0
               +-------+-------+-------+-------+-------+----------------------
